 Dungeon Crawl Stone Soup version 0.31-a0-795-g5eb97db20b (webtiles) character file.

Game seed: 6155394340682171335

32 subawu the Ruffian (level 3, 0/28 HPs)
             Began as a Draconian Shapeshifter on Sept 18, 2023.
             Succumbed to an adder's poison
             ... on level 2 of the Dungeon.
             The game lasted 00:03:47 (1034 turns).

subawu the Ruffian (Draconian Shapeshifter)         Turns: 1034, Time: 00:03:47

Health: 0/28       AC:  5    Str: 18    XL:     3   Next: 10%
Magic:  3/3        EV: 12    Int: 10    God:
Gold:   36         SH:  0    Dex: 10    Spells: 2/2 levels left

rFire   . .          .
                       - Unarmed
rCold   . . .        (no shield)
rNeg    . . .        (body armour unavailable)
rPois   .            (helmet currently unavailable)
rElec   .            (cloak currently unavailable)
rCorr   .            (gloves currently unavailable)
SInv    .            (boots currently unavailable)
Will    .....        (no amulet)
Stlth   +            (no ring)
HPRegen 0.24/turn    (no ring)
MPRegen 0.08/turn

%: no passive effects
@: lethally poisoned (0 -> -5), beast-form
A: beast (slay +1), AC +5, unfitting armour, cold-blooded
a: Begin Untransformation


You were on level 2 of the Dungeon.
You were a hulking beast.
You visited 1 branch of the dungeon, and saw 2 of its levels.

You collected 36 gold pieces.

Inventory:

Missiles
 f - 5 atropa-tipped darts
Talismans
 b - a beast talisman (active)
 c - a flux talisman
Scrolls
 d - 2 scrolls of revelation
 e - a scroll of teleportation
Potions
 a - a potion of lignification


   Skills:
 + Level 1.1 Fighting
 + Level 2.2 Dodging
 + Level 0.3 Stealth
 + Level 3.5 Unarmed Combat
 + Level 3.3 Shapeshifting


You had 2 spell levels left.
You didn't know any spells.
Your spell library was empty.

Dungeon Overview and Level Annotations

Branches:
Dungeon (2/15)

Altars:


Innate Abilities, Weirdness & Mutations

You are a hulking beast.
Your limbs bulge with bestial killing power. (Slay +1)
Your plain brown scales are hard. (AC +5)
You cannot fit into any form of body armour.
You are cold-blooded and may be slowed by cold attacks.


Message History

You feel sick. The adder misses you. The worm bites you.
You hit the worm. You tail-slap the worm.
The worm is moderately wounded.
You feel sick. The adder barely misses you. The adder closely misses you.
The worm bites you.
You hit the worm.
The worm is moderately wounded.
You feel sick. The adder closely misses you.
You hit the worm.
The worm is heavily wounded.
You feel sick.
You are no longer poisoned.
The adder misses you. The worm bites you!
* * * LOW HITPOINT WARNING * * *
You hit the worm.
The worm is severely wounded.
The adder barely misses you. The adder bites you.
* * * LOW HITPOINT WARNING * * *
The worm attacks as it pursues you! The worm bites you but does no damage.
The adder bites you but does no damage.
You hit the worm. You tail-slap the worm.
You kill the worm!
The adder bites you but does no damage. The adder bites you but does no damage.
The adder bites you but does no damage. The adder bites you but does no damage.
The adder closely misses you. The adder barely misses you.
The adder bites you but does no damage. The adder bites you.
* * * LOW HITPOINT WARNING * * *
The adder bites you but does no damage. The adder barely misses you.
The adder bites you.
* * * LOW HITPOINT WARNING * * *
You are lethally poisoned!
The adder poisons you!
* * * LOW HITPOINT WARNING * * *
You feel sick. The adder closely misses you. x2
You die...

##. #.. . #.# #.## #.#
#.$.###.#####..
###...........#
......#.# #.S.#
########h#######
#...............
######......####
###########>............
........<......#####...#
#######........# ##.#
#............ .
##.##....#### #..#....#


You could see an adder.

Vanquished Creatures
  A worm (D:2)
  A dart slug (D:1)
  A ball python (D:1)
  4 bats (D:1)
  2 endoplasms (D:1)
  A giant cockroach (D:1)
  2 goblins (D:1)
  4 hobgoblins (D:1)
  3 jackals (D:1)
  2 quokkas (D:1)
  2 rats (D:1)
23 creatures vanquished.

Notes
Turn   | Place    | Note
-------+----------+-------------------------------------------
     0 | D:1      | subawu the Draconian Shapeshifter began the quest for the
                  | Orb.
     0 | D:1      | Reached XP level 1. HP: 16/16 MP: 1/1
   170 | D:1      | Reached XP level 2. HP: 23/23 MP: 2/2
   907 | D:1      | Reached XP level 3. HP: 27/28 MP: 3/3
  1033 | D:2      | HP: 1/28 [poisoned by an adder]
  1034 | D:2      | Succumbed to an adder's poison

Illustrated notes

Levels and vault maps discovered:
D:1:      eino_arrival_water_cross, layout_loops_corners
D:2:      layout_rooms, roderic_roman_lattice, minmay_strange_pillars,
          uniq_crazy_yiuf_cottage

Skill      XL: |  1 |
---------------+----+-----
Dodging        | 2 |  2.2
Fighting       | |  1.1
Stealth        | |  0.3
Unarmed Combat | |  3.5
Shapeshifting  | |  3.3

Action                     || total
---------------------------++-------
  Melee: Unarmed           ||    70
         Tailslap          ||    10
    Use: Scroll            ||     7
 Armour: Skin              ||    87
  Dodge: Dodged            ||   159
   Form: Beast             ||     1
         Flux              ||     1

Table legend: (Time is in decaauts)
 A = Elapsed time spent in this place.
 B = Non-inter-level travel time spent in this place.
 C = Inter-level travel time spent in this place.
 D = Time resting spent in this place.
 E = Time spent auto-exploring this place.
 F = Levels seen in this place.
 G = Mean time per level.
                   A        B        C        D        E       F      G
               +--------+--------+--------+--------+--------+-----+--------+
         Total |   1030 |   1030 |      0 |      0 |    597 |   2 |  515.0 |
       Dungeon |   1030 |   1030 |      0 |      0 |    597 |   2 |  515.0 |
               +--------+--------+--------+--------+--------+-----+--------+

Top non-repeatable levels by time:
     D:1: 985 daAuts
     D:2: 44 daAuts
